Map: Oceanborn LE

Players

Subwayeatn - Winner!

  • Race: Zerg Zerg
  • League: Platinum
  • Spawn Location: 11:00

ironlawyer

  • Race: Terran Terran
  • League: Platinum
  • Spawn Location: 5:00

VOD

Have the link to the VOD?

Description

Time

  • Played on: Nov. 5, 2023, 5:02 p.m.
  • Length: 16:29
Show
View Real Time Build Order
Export as new Build Order

Subwayeatn Zerg - Winner!

Build Orders: Hatch First 

Get SALT Encoding   

  12  0:00  Drone  
  13  0:13  Overlord  
  13  0:16  Drone  
  14  0:31  Drone x2  
  16  0:49  Hatchery  
  15  0:54  Drone  
  15  0:55  Drone  
  17  0:59  Drone  
  17  1:03  Extractor  
  17  1:14  Spawning Pool  
  16  1:26  Drone x2  
  18  1:43  Drone  
  18  1:44  Overlord  
  18  2:07  Spine Crawler  
  17  2:10  Spine Crawler  
  17  2:12  Zergling x8  
  17  2:14  Queen  
  22  2:34  Baneling Nest  
  20  2:38  Drone x4  
  24  2:49  Spine Crawler  
  23  2:54  Drone x3  
  23  3:18  Baneling x3  
  23  3:20  Queen  
  25  3:35  Zergling x10  
  30  4:07  Baneling x2  
  30  4:12  Overlord  
  30  4:15  Overlord  
  30  4:18  Baneling  
  26  4:58  Zergling x8  
  26  4:59  Zergling x4  
  28  5:12  Zergling x2  
  24  6:03  Hatchery  
  23  6:05  Overlord  
  23  6:06  Overlord  
  23  6:07  Overlord, Hatchery  
  23  6:08  Drone x3  
  25  6:13  Metabolic Boost  
  25  6:27  Queen  
  27  6:38  Drone x5  
  32  6:55  Drone x2  
  34  7:12  Queen  
  36  7:22  Drone x5  
  41  7:24  Queen  
  41  7:25  Queen  
  41  7:28  Zergling x4  
  47  7:48  Extractor, Lair  
  46  7:59  Pneumatized Carapace  
  46  8:01  Drone x3  
  46  8:03  Drone x2  
  46  8:04  Spore Crawler  
  46  8:05  Drone x7  
  57  8:11  Queen  
  59  8:22  Extractor, Overlord  
  58  8:36  Spore Crawler  
  58  8:39  Drone  
  58  8:40  Drone x14  
  72  8:41  Spore Crawler  
  72  8:47  Spore Crawler  
  70  8:49  Overseer, Spore Crawler  
  70  8:50  Overseer  
  69  9:01  Hydralisk Den  
  68  9:10  Infestation Pit  
  67  9:24  Evolution Chamber x2  
  67  9:27  Spore Crawler  
  63  9:31  Overseer  
  63  9:34  Spore Crawler  
  63  9:35  Grooved Spines  
  63  9:36  Spore Crawler  
  61  9:44  Spire  
  58  9:55  Overseer  
  56  10:04  Hydralisk x3  
  60  10:25  Muscular Augments  
  51  10:40  Hydralisk x5  
  56  10:53  Zerg Missile Weapons Level 1  
  56  10:56  Hatchery  
  56  10:57  Drone x5  
  56  11:03  Overlord  
  56  11:04  Extractor  
  59  11:10  Zergling x2  
  61  11:11  Zergling x2  
  61  11:13  Zergling x2  
  62  11:25  Queen  
  62  11:30  Zerg Ground Armor Level 1  
  64  11:34  Hydralisk, Overlord  
  64  11:35  Hydralisk  
  64  11:39  Drone x3  
  72  11:40  Drone x6  
  77  11:48  Extractor  
  77  11:49  Extractor  
  76  11:54  Zergling x2  
  76  11:55  Zergling x2  
  77  12:05  Overlord  
  77  12:07  Overlord  
  77  12:08  Overlord  
  77  12:10  Overlord  
  77  12:13  Queen  
  77  12:15  Queen x2  
  79  12:18  Drone x7  
  88  12:38  Overlord  
  88  12:43  Spore Crawler x2  
  87  12:44  Drone x6, Spore Crawler  
  87  12:45  Spore Crawler  
  87  12:47  Zerg Melee Weapons Level 1  
  87  12:51  Overseer  
  90  12:52  Overseer  
  90  13:05  Hive  
  90  13:12  Hydralisk x4  
  90  13:13  Hydralisk x4  
  90  13:18  Spore Crawler x3  
  103  13:30  Drone x2  
  103  13:31  Drone x2  
  103  13:33  Spore Crawler  
  105  13:55  Drone, Spire  
  104  13:56  Drone, Spore Crawler  
  104  13:58  Spore Crawler  
  104  14:04  Drone x3  
  104  14:08  Zerg Missile Weapons Level 2  
  107  14:11  Zergling x2  
  105  14:35  Hydralisk x3  
  105  14:36  Hydralisk  
  113  14:44  Ultralisk Cavern  
  112  14:46  Adrenal Glands, Centrifugal Hooks  
  112  15:12  Corruptor x13  
  112  15:13  Corruptor x2  
  137  15:43  Hatchery  
  137  15:45  Extractor  
  137  15:47  Extractor  
  137  15:48  Ultralisk  
  137  15:49  Overlord x2  
  140  15:50  Overlord  
  146  16:08  Drone x3  
  146  16:09  Drone x3  
  152  16:11  Zergling x2  
Show
View Real Time Build Order
Export as new Build Order

ironlawyer Terran 

Build Orders:  

Get SALT Encoding   

  12  0:15  Supply Depot  
  12  0:41  Barracks  
  12  0:47  Barracks  
  12  0:58  SCV  
  13  1:10  SCV  
  14  1:16  Refinery  
  14  1:28  Marine  
  14  1:31  Bunker  
  15  1:34  Marine  
  16  1:46  Marine  
  17  1:52  Marine  
  17  1:55  Bunker  
  17  2:04  Marine  
  18  2:10  Marine  
  19  2:22  Marine  
  20  2:37  Bunker  
  20  2:39  Marine  
  20  2:43  Supply Depot  
  21  2:49  Refinery  
  21  3:05  Factory  
  21  3:18  SCV  
  22  3:35  Engineering Bay  
  22  3:38  SCV  
  23  3:50  SCV  
  23  3:52  Factory Tech Lab  
  24  4:08  Planetary Fortress  
  24  4:23  Siege Tank  
  27  4:45  Bunker  
  24  4:55  Widow Mine  
  20  5:01  Marine x2  
  22  5:18  Bunker, Marine  
  23  5:26  Marine  
  15  5:50  Starport  
  15  5:54  SCV  
  16  6:07  Starport  
  16  6:13  SCV  
  17  6:28  Starport Tech Lab  
  17  6:45  Starport Tech Lab  
  17  6:53  Banshee  
  20  6:54  Cloaking Field  
  20  7:03  Missile Turret  
  20  7:05  Missile Turret  
  20  7:11  Hyperflight Rotors  
  20  7:20  Banshee  
  23  7:48  Banshee  
  26  7:58  Supply Depot  
  26  8:08  Banshee  
  29  8:30  Interference Matrix  
  29  8:31  Banshee  
  32  8:56  Banshee  
  35  9:04  Starport  
  35  9:10  Factory Tech Lab  
  31  9:56  Banshee x2  
  37  10:39  Banshee  
  37  10:40  Banshee  
  28  10:58  Starport  
  28  11:01  Factory Tech Lab  
  28  11:07  Banshee  
  31  11:18  SCV  
  31  11:22  Banshee  
  35  11:27  Supply Depot  
  35  11:50  Factory Tech Lab  
  35  11:57  Banshee  
  38  12:11  Banshee  
  35  12:38  Banshee x2  
  41  13:04  Banshee  
  44  13:42  Command Center  
  44  14:04  Banshee  
  26  15:23  Banshee x2  
  26  15:24  Banshee x2  
  38  15:44  SCV  
  39  15:56  SCV  
  40  16:08  SCV  
Tags
 
Matchup
TvZ
Replay Pack
Multiplayer
Spawn Locations
Cross Positions
Add a new tag
Caveats
  • Supply blocks, unpowered buildings, or Contaminate may cause inaccurate times.
  • Supply counts are checked every 10 seconds.